 Dungeon Crawl Stone Soup version 0.31.0-32-g396128a36d (webtiles) character file.

Game seed: 4792569959320191289

4 spaghetti the Caller (level 1, -2/15 HPs)
             Began as a Naga Summoner on Mar 9, 2024.
             Slain by a quokka (4 damage)
             ... on level 1 of the Dungeon.
             The game lasted 00:00:22 (199 turns).

spaghetti the Caller (Naga Summoner)                 Turns: 199, Time: 00:00:22

Health: -2/15      AC:  1    Str: 10    XL:     1   Next: 70%
Magic:  3/3        EV:  9    Int: 15    God:
Gold:   21         SH:  0    Dex: 11    Spells: 3/4 levels left

rFire   . . .        (no weapon)
rCold   . . .        (no shield)
rNeg    . . .        a - +0 robe
rPois   +            (no helmet)
rElec   .            (no cloak)
rCorr   .            (no gloves)
SInv    +            (no barding)
Will    .....        c - amulet of magic regeneration
Stlth   ++           (no ring)
HPRegen 0.22/turn    (no ring)
MPRegen 0.48/turn

%: no passive effects
@: very slow
A: AC +0, large, see invisible, deformed body, poison resistance, slowness 2,
spit poison 1, naga tail 1
a: Spit Poison


You were on level 1 of the Dungeon.
You visited 1 branch of the dungeon, and saw 1 of its levels.

You collected 21 gold pieces.

Inventory:

Armour
 a - a +0 robe (worn)
Jewellery
 c - an amulet of magic regeneration (around neck)
Potions
 b - a potion of magic


   Skills:
 - Level 1.5 Dodging
 - Level 3.0 Stealth
 - Level 2.0 Spellcasting
 + Level 4.2 Summonings


You had 3 spell levels left.
You knew the following spells:

 Your Spells              Type           Power      Damage    Failure   Level
a - Summon Small Mammal   Summ           56%        N/A       3%          1

Your spell library contained the following spells:

 Spells                   Type           Power      Damage    Failure   Level
 Call Imp                 Summ           28%        N/A       6%          2
 Call Canine Familiar     Summ           14%        N/A       12%         3
 Summon Blazeheart Golem  Fire/Summ      7%         N/A       67%         4
 Summon Lightning Spire   Summ/Air       7%         N/A       67%         4


Dungeon Overview and Level Annotations

Branches:
Dungeon (1/15)

Altars:


Innate Abilities, Weirdness & Mutations

Your serpentine skin is tough. (AC +0)
You have supernaturally acute eyesight. (SInv)
Armour fits poorly on your strangely shaped body.
Your system is resistant to poisons. (rPois)
You cover ground very slowly.
You can spit poison.
You have a snake-like lower body.


Message History

Press: ? - help, Shift-Dir - straight line, f - frilled lizard
Aim: a frilled lizard (31% to hit)
The splash of poison hits the frilled lizard.
The frilled lizard is poisoned.
You kill the frilled lizard!
The endoplasm quivers.
Unknown command.
Okay, then.
Casting: Summon Small Mammal (safe; 3% risk of failure)
Confirm with . or Enter, or press ? or * to list all spells.
Casting: Summon Small Mammal (safe; 3% risk of failure)
Confirm with . or Enter, or press ? or * to list all spells.
Your bat hits the quokka but does no damage.
The endoplasm barely misses your bat. The quokka bites you.
You are too injured to fight recklessly!
You are too injured to fight recklessly!
You barely miss the quokka.
Your bat closely misses the quokka.
The quokka barely misses you.
Your bat hits the quokka but does no damage.
You miss the quokka.
You have got your breath back.
Your bat hits the quokka but does no damage.
Your bat misses the quokka. The quokka bites you.
Your bat hits the endoplasm but does no damage.
Your bat closely misses the quokka.
You barely miss the quokka.
Your bat closely misses the quokka.
The quokka bites you.
* * * LOW HITPOINT WARNING * * *
The endoplasm barely misses you.
You barely miss the quokka.
Your bat hits the quokka but does no damage.
The quokka barely misses you. The endoplasm hits you.
* * * LOW HITPOINT WARNING * * *
Your bat barely misses the quokka.
You hit the quokka but do no damage.
Your bat hits the quokka but does no damage.
Your bat barely misses the quokka.
The quokka closely misses you.
Your bat barely misses the endoplasm.
The endoplasm barely misses you. The quokka bites you.
You die...

#.........?
#..........
........... ..........
#......... +...b.....
#########.bJ......
..........@r..#
#####............
#####.######..... .###
#...#.........###
.#.###+#.#.#..####...#
.#.#.......)..# #
.#.#....#######.
.#.#....'.......
.#.#....#######.


You could see an endoplasm, a quokka (ally target) and 2 friendly bats.

Vanquished Creatures
  A frilled lizard (D:1)
  2 kobolds (D:1)
3 creatures vanquished.

Vanquished Creatures (collateral kills)
  A quokka (D:1)
  A rat (D:1)
2 creatures vanquished.

Grand Total: 5 creatures vanquished

Notes
Turn   | Place    | Note
-------+----------+-------------------------------------------
     0 | D:1      | spaghetti the Naga Summoner began the quest for the Orb.
     0 | D:1      | Reached XP level 1. HP: 15/15 MP: 3/3
   199 | D:1      | Slain by a quokka

Illustrated notes

Levels and vault maps discovered:
D:1:      dpeg_arrival_brainrot, layout_basic

Action                     || total
---------------------------++-------
  Melee: Unarmed           ||    10
   Cast: Summon Small Mamm ||     6
Ability: Spit Poison       ||     4
 Armour: Robe              ||    12
  Dodge: Dodged            ||    12
